[Event "55th Iranian-ch Men Final 2022"]
[Site "Iran"]
[Date "2022.06.16"]
[Round "2.5"]
[White "Khamisi, S Jafar"]
[Black "Omidi, Arya"]
[Result "0-1"]
[ECO "B90"]
[WhiteElo "2118"]
[BlackElo "2321"]
[Annotator "TA"]
[PlyCount "62"]
[EventDate "2022.06.15"]
[EventType "tourn"]
[EventCountry "IRI"]
[SourceTitle "playchess.com"]
[Source "ChessBase"]
[SourceQuality "1"]
[TimeControl "40/5400+30:1800+30"]

1. e4 c5 2. Nf3 d6 3. d4 cxd4 4. Nxd4 Nf6 5. Nc3 a6 6. Be3 e5 7. Nb3 Be7 8. f3 Be6 9. Qd2 h5 10. O-O-O Nbd7 11. Kb1 Rc8 $1 {[%emt 0:00:12][%mdl 4] is currently scoring better than 11...b5.} 12. h4 {[%emt 0:01:04] B90: Sicilian Najdorf: Unusual White 6th moves, 6 Be3 Ng4 and 6 Be3 e5.} b5 13. a3 O-O 14. Bg5 {[%emt 0:01:00] The position is equal.} Re8 15. g3 {[%emt 0:03:49][%cal Bg2g3,Bg3g4,Bg4h5][%mdl 32] [#]} Qc7 $146 ({Predecessor:} 15... Qb6 16. Bh3 a5 17. Nd5 Bxd5 18. exd5 Ra8 19. g4 a4 20. Nc1 hxg4 21. Be3 Qc7 22. fxg4 {0-1 (39) Aroshidze,L (2504)-Santos Ruiz,M (2517) Linares 2018}) 16. Bh3 Rb8 17. Bxe6 fxe6 18. g4 a5 (18... hxg4 $11 19. fxg4 a5 20. Bxf6 Nxf6) 19. gxh5 $1 $16 b4 20. axb4 Rxb4 (20... axb4 $16 {is a better defense.} 21. Ne2 Nc5) 21. Na2 ({Better is} 21. Bxf6 $18 Nxf6 22. h6) 21... Rb5 (21... Rb7 $14) 22. Nc3 $2 (22. Bxf6 $18 Nxf6 23. Nc3) 22... Rb7 $2 (22... Rb4 $11 {and Black is okay.}) 23. Rhg1 a4 24. Nxa4 Qc4 $2 {[%emt 0:06:47][%mdl 8192] [#]} (24... Ra8 $16 {is a better chance.}) 25. Nc3 (25. Na5 Qxa4 26. Bxf6 (26. Nxb7 Ra8 $11) 26... Bxf6 27. Nxb7 Ra8 $11) (25. Bh6 $142 $1 Nxh5 26. Bxg7 (26. Na5 Qxa4 27. Nxb7 Ra8 $11) 26... Nxg7 27. Rxg7+ $1 (27. Qh6 Bf8 $11) (27. Na5 Qxa4 28. Nxb7 Ra8 $11) 27... Kxg7 28. Rg1+ Kf7 29. Qh6 $1) 25... Nc5 $2 (25... Ra8) 26. Nxc5 $2 (26. Bxf6 $18 Bxf6 27. Na5) 26... Qxc5 $17 27. Qd3 Reb8 $40 {[%emt 0:00:57][%mdl 128] Black attacks.} (27... Ra8 $1 $15 28. h6 (28. Bxf6 $2 Rxb2+ 29. Kc1 Bxf6 $19) 28... Rxb2+ $1 29. Kc1 d5 30. Bxf6 (30. h7+ $2 Kh8 $19) 30... Ra1+ 31. Kd2 Qf2+ 32. Qe2 Qd4+ 33. Qd3 Qf2+ 34. Qe2 Qd4+ 35. Qd3 Rxd1+ 36. Rxd1 Qf2+ 37. Qe2 (37. Kc1 $2 Ba3 $19) 37... Qd4+ 38. Qd3 (38. Kc1 $2 Qxc3 39. h7+ Kxh7 $19) 38... Qf2+ 39. Qe2 (39. Kc1 $2 Ba3 $19) 39... Qd4+ 40. Qd3 (40. Kc1 $2 Qxc3 41. h7+ Kxh7 $19)) 28. b3 $2 {[%emt 0:00:28][%mdl 8192] [#]} (28. h6 $11) 28... Qa3 $1 $19 {[%emt 0:01:05][%cal Ob7b3] ( -> ...Rxb3+!)} 29. Qc4 (29. Bc1 {[#] gets mated.} Rxb3+ $1 30. cxb3 Qxb3+ 31. Ka1 Ra8+) (29. Na4 {was necessary.} Qxa4 30. Kb2) 29... Ra7 30. Qxe6+ Kh8 31. Na4 Rxa4 {[%emt 0:00:13] Weighted Error Value: White=1.31/Black=0.64} 0-1

[Event "55th Iranian-ch Men Final 2022"]
[Site "Iran"]
[Date "2022.06.16"]
[Round "2.6"]
[White "Daneshvar, Bardiya"]
[Black "Naderi, Abdollah"]
[Result "1/2-1/2"]
[ECO "E61"]
[WhiteElo "2486"]
[BlackElo "2050"]
[Annotator "TA"]
[PlyCount "46"]
[EventDate "2022.06.15"]
[EventType "tourn"]
[EventCountry "IRI"]
[SourceTitle "playchess.com"]
[Source "ChessBase"]
[SourceQuality "1"]
[TimeControl "40/5400+30:1800+30"]

1. c4 Nf6 2. Nc3 c5 3. g3 g6 4. Bg2 Bg7 5. e3 O-O 6. Nge2 Nc6 7. O-O d6 8. b3 {[%emt 0:00:00] 8.d3 is becoming the main line.} Bf5 9. d4 {[%emt 0:00:00] is the legacy move (9.d3).} cxd4 {[%emt 0:00:00] E61: King's Indian: Early deviations for White, including Smyslov System.} 10. Nxd4 Bg4 11. f3 Bd7 {[%emt 0:00:00] The position is equal.} 12. Bb2 Rc8 {[%emt 0:00:00] [#]} 13. Qd2 $146 ({Predecessor:} 13. Kh1 a6 14. Qe2 Qa5 15. Nxc6 Bxc6 16. e4 Bd7 17. Qe1 Rfe8 18. Rf2 Qh5 19. Rd1 {1-0 (39) Kreisl,R (2424)-Maurer,C (2177) Bayern 2016}) 13... a6 14. Nce2 b5 15. cxb5 Nxd4 16. Nxd4 axb5 17. f4 Qb6 18. a4 bxa4 19. bxa4 e5 20. a5 Qa7 21. Nf3 (21. Ne2 $15) 21... Ng4 {[%emt 0:00:00] Black is better.} 22. Ra3 {[%emt 0:00:00] [#]} Bf5 $1 {[%emt 0:00:00] ...Rc2 is the strong threat.} 23. Ne1 {[%emt 0:09:00] Prevents Rc2.} Rb8 {[%emt 0:09:30] Weighted Error Value: White=0.11 (very precise) /Black=0.01 (flawless)} 1/2-1/2

[Event "55th Iranian-ch Men Final 2022"]
[Site "Iran"]
[Date "2022.06.16"]
[Round "2.7"]
[White "Daghli, Arash"]
[Black "Poormosavi, Seyed Kian"]
[Result "1-0"]
[ECO "B15"]
[WhiteElo "2441"]
[BlackElo "2358"]
[Annotator "TA"]
[PlyCount "38"]
[EventDate "2022.06.15"]
[EventType "tourn"]
[EventCountry "IRI"]
[SourceTitle "playchess.com"]
[Source "ChessBase"]
[SourceQuality "1"]
[TimeControl "40/5400+30:1800+30"]

1. e4 c6 2. d4 d5 3. Nd2 dxe4 4. Nxe4 Nf6 5. Nxf6+ exf6 6. c3 Bd6 7. Bd3 Na6 {[%emt 0:00:06] B15: Caro-Kann: 3 Nc3: 3...g6 and 3...dxe4 4 Nxe4 Nf6 5 Nxf6+ exf6.} 8. Ne2 Nc7 9. Qc2 h5 {[%emt 0:00:09] White is slightly better.} 10. O-O O-O 11. c4 Re8 12. Be3 {[%emt 0:00:12] [#]} Bg4 $146 ({Predecessor:} 12... Be6 13. Nf4 Bxf4 14. Bxf4 Qd7 15. h3 Rac8 16. Rad1 g6 17. Rfe1 Kg7 18. Qc3 Bf5 19. Rxe8 Nxe8 {1-0 (26) Tsydypov,Z (2568)-Hamitevici,V (2480) St Petersburg 2019}) 13. Nc3 h4 14. h3 Bh5 15. c5 (15. Rae1 $16) 15... Bf8 $11 16. b4 g6 17. Bc4 Qd7 {[%emt 0:19:44] [#]} (17... f5 $1 $11 {remains equal.}) 18. Rad1 $1 $16 {[%emt 0:00:00] White is more active.} Nd5 (18... Bg7 19. Rd2) 19. Bxd5 cxd5 {[%emt 0:00:24] Weighted Error Value: White=0.06 (flawless) /Black=0.15 (very precise)} 1-0

[Event "55th Iranian-ch Men Final 2022"]
[Site "Iran"]
[Date "2022.06.16"]
[Round "3.1"]
[White "Poormosavi, Seyed Kian"]
[Black "Mosadeghpour, Masoud"]
[Result "0-1"]
[ECO "B51"]
[WhiteElo "2358"]
[BlackElo "2474"]
[Annotator "RC"]
[PlyCount "52"]
[EventDate "2022.06.15"]
[EventType "tourn"]
[EventCountry "IRI"]
[SourceTitle "playchess.com"]
[Source "ChessBase"]
[SourceQuality "1"]
[TimeControl "40/5400+30:1800+30"]

1. e4 c5 2. Nf3 d6 3. Bb5+ Nc6 4. O-O Bd7 5. Re1 Nf6 6. c3 a6 7. Bf1 Bg4 8. h3 Bh5 9. d3 e5 10. g4 Bg6 11. Nh4 Nd7 12. Nf5 h5 13. g5 Bh7 14. h4 f6 15. Ng3 g6 16. Nxh5 gxh5 17. Qxh5+ Ke7 18. gxf6+ Nxf6 19. Bg5 Qe8 20. Qg4 Bh6 21. Bh3 Bxg5 22. Qe6+ Kf8 23. Qxd6+ Qe7 24. Qxe7+ Kxe7 25. hxg5 Rag8 26. Re3 Rxg5+ 0-1

[Event "55th Iranian-ch Men Final 2022"]
[Site "Iran"]
[Date "2022.06.16"]
[Round "3.2"]
[White "Naderi, Abdollah"]
[Black "Daghli, Arash"]
[Result "0-1"]
[ECO "A37"]
[WhiteElo "2050"]
[BlackElo "2441"]
[Annotator "TA"]
[PlyCount "102"]
[EventDate "2022.06.15"]
[EventType "tourn"]
[EventCountry "IRI"]
[SourceTitle "playchess.com"]
[Source "ChessBase"]
[SourceQuality "1"]
[TimeControl "40/5400+30:1800+30"]

1. Nf3 c5 2. g3 Nc6 3. c4 g6 4. Bg2 Bg7 5. Nc3 d6 6. O-O e5 7. d3 Nge7 8. Ne1 Be6 9. Nc2 O-O 10. Ne3 Rb8 11. Ned5 a6 12. a4 h6 {[%emt 0:00:58] A37: Symmetrical English vs ...g6: 4 Bg2 Bg7 5 Nf3.} 13. Rb1 Nb4 14. Bd2 {[%emt 0:02:37] [#]} a5 $146 {[%emt 0:31:38] The position is equal.} ({Predecessor:} 14... Bxd5 15. Nxd5 Nbxd5 16. cxd5 a5 17. Rc1 b5 18. Qe1 bxa4 19. Bxa5 Qd7 20. Bc3 Rb3 {½-½ (53) Saraci,N (2108)-Vucinic,G (2320) Skopje 2015}) 15. f4 Kh7 16. fxe5 Bxe5 17. Nf4 ({Reject} 17. Nf6+ Bxf6 18. Rxf6 Nf5 $15) (17. Qc1 $5 ) 17... Bd7 18. Nfd5 f5 19. Nxe7 Qxe7 20. Nd5 Qg7 21. Bxb4 axb4 22. b3 h5 23. e3 Rbe8 24. Qf3 Bc6 25. Kh1 {[%emt 0:03:22] [#]} (25. Rbe1 $11) 25... Bc3 (25... Qh6 $1 $17) 26. Qf2 (26. Qf4 $11 {keeps the balance.}) 26... Bxd5 $17 27. Bxd5 b6 ({Better is} 27... Qh6 $15) 28. Qf4 (28. Qe2 $11 {remains equal.}) 28... Bd2 29. Qxd6 Rf6 30. Qf4 Bxe3 31. Qf3 Bd2 {[%emt 0:00:17] Against Rbe1} 32. Rb2 $1 Bc3 $36 {[%emt 0:03:44][%mdl 2048] Black has some pressure. Black is more active.} 33. Re2 Rff8 34. Rff2 Qh6 35. Kg2 Bd4 (35... h4 $17 {...h3+ is the strong threat.} 36. Qf4 Qxf4 37. gxf4 Bd4) 36. Rf1 ({White should try} 36. Bc6 $11 Rxe2 37. Rxe2) 36... h4 37. gxh4 $2 {[%emt 0:03:57] [#] White does not recover from this.} (37. Rfe1 $11 Rxe2+ 38. Qxe2) 37... Qxh4 $19 ({Weaker is} 37... Rxe2+ 38. Qxe2 Qxh4 39. Kh1 $15) 38. Kh1 Kg7 39. Bc6 Rxe2 40. Qxe2 Rf7 {[%emt 0:00:00] And now ...Re7 would win.} 41. Qe1 (41. Qg2 {was called for.}) 41... Qg5 42. Qd1 (42. Qg3 $17 Qxg3 43. hxg3) 42... Kf6 {[%emt 0:09:58] Threatens to win with ...Rh7.} 43. Re1 $2 (43. Qf3) 43... Rh7 {[%emt 0:01:13] Black is clearly winning.} 44. Qe2 Qf4 45. Qg2 Be5 46. h3 Qh6 ({Worse is} 46... Qg3 47. Qxg3 Bxg3 48. Re8 $15) 47. d4 cxd4 48. c5 bxc5 49. Bf3 Qxh3+ 50. Kg1 Qh4 51. Qe2 Qg3+ {[%emt 0:00:54] Weighted Error Value: White=0.62/Black=0.21 (precise)} 0-1

[Event "55th Iranian-ch Men Final 2022"]
[Site "Iran"]
[Date "2022.06.16"]
[Round "3.3"]
[White "Omidi, Arya"]
[Black "Daneshvar, Bardiya"]
[Result "1/2-1/2"]
[ECO "C45"]
[WhiteElo "2321"]
[BlackElo "2486"]
[Annotator "TA"]
[PlyCount "48"]
[EventDate "2022.06.15"]
[EventType "tourn"]
[EventCountry "IRI"]
[SourceTitle "playchess.com"]
[Source "ChessBase"]
[SourceQuality "1"]
[TimeControl "40/5400+30:1800+30"]

1. e4 e5 2. Nf3 Nc6 3. d4 exd4 4. Nxd4 Nf6 5. Nxc6 bxc6 6. e5 Qe7 7. Qe2 Nd5 8. h4 d6 {[%emt 0:05:35] C45: Scotch Game.} 9. c4 Nb6 10. exd6 Qxe2+ (10... cxd6 $5 11. Be3 d5 $11) 11. Bxe2 Bxd6 12. Nc3 O-O 13. Be3 {[%emt 0:09:11][%cal Bc1e3,Be3b6,Bb6c7,Bc7d6][%mdl 32] [#] And now c5 would win.} Bb4 14. O-O {[%emt 0:24:51] [#]} Ba6 $146 ({Predecessor:} 14... Bxc3 15. bxc3 Be6 16. c5 Nd5 17. Bd4 Rab8 18. Bf3 Rfe8 19. Rab1 Bf5 20. Rb3 Bd3 21. Rxb8 Rxb8 {½-½ (35) Carroll,P (2062)-Fox,A (2020) Dublin 2019}) 15. Rfc1 ({Reject} 15. c5 Bxe2 16. Nxe2 Nc4 $11) 15... Bxc4 {[%emt 0:04:37] ...Bxc3 is the strong threat.} 16. Bxb6 {[%emt 0:01:10] Threatens to win with Bc5.} Bxe2 {[%emt 0:00:20] The position is equal.} 17. Bxc7 Bc4 18. Rd1 Rfc8 19. Bd6 Bxc3 20. bxc3 c5 21. a4 Bb3 22. Re1 Rc6 23. Bf4 a5 24. Re5 h6 {[%emt 0:02:20] Weighted Error Value: White=0.05 (flawless) /Black=0.06 (flawless)} 1/2-1/2

[Event "55th Iranian-ch Men Final 2022"]
[Site "Iran"]
[Date "2022.06.16"]
[Round "3.4"]
[White "Rastbod, Ali"]
[Black "Khamisi, S Jafar"]
[Result "1/2-1/2"]
[ECO "D23"]
[WhiteElo "2362"]
[BlackElo "2118"]
[Annotator "TA"]
[PlyCount "73"]
[EventDate "2022.06.15"]
[EventType "tourn"]
[EventCountry "IRI"]
[SourceTitle "playchess.com"]
[Source "ChessBase"]
[SourceQuality "1"]
[TimeControl "40/5400+30:1800+30"]

1. d4 d5 2. c4 c6 3. Nf3 Nf6 4. Qb3 dxc4 5. Qxc4 Bg4 6. Nc3 {[%emt 0:00:04] D23: Queen's Gambit Accepted: 3 Nf3 Nf6 sidelines.} Nbd7 7. Bf4 $1 {[%emt 0:00:13][%mdl 4] is currently scoring better than 7.e4.} e6 8. e4 Bxf3 9. gxf3 Be7 {[%emt 0:00:25] [#]} 10. Be3 $146 ({Predecessor:} 10. O-O-O Rc8 11. Kb1 O-O 12. Rg1 Kh8 13. Bh3 b5 14. Qf1 Qa5 15. Ne2 b4 16. Rg5 {1-0 (67) Erigaisi,A (2634)-Goryachkina,A (2602) Riga 2021}) 10... O-O 11. Be2 Rc8 12. O-O-O b5 13. Qd3 Qa5 (13... Nb6 $5 14. Qc2 Qc7 $11) 14. e5 Nd5 15. Nxd5 cxd5+ 16. Kb1 a6 17. f4 Nb6 (17... f5 $11 {keeps the balance.}) 18. Bd2 (18. Bg4 $16) 18... Bb4 $1 $11 19. a3 ({Better is} 19. Be3 $11) 19... Bxd2 $15 20. Qxd2 Qa4 21. Bd3 Nc4 22. Qb4 Qxb4 23. axb4 g6 {[%emt 0:00:14] Inhibits f5.} (23... f6 $17 {aiming for ...fxe5.} 24. b3 fxe5 25. bxc4 bxc4) 24. b3 $11 Nb6 25. h4 Kg7 26. h5 Rg8 (26... Nd7 $5 ) 27. Kb2 Nd7 $1 28. Rdg1 ({White should play} 28. Rc1 $11) 28... Kf8 $1 $15 29. Rh4 Ke7 (29... Nb8 $5 ) 30. Rhg4 (30. hxg6 $11 hxg6 31. Ra1) 30... Rgf8 $17 31. Rh4 {[%emt 0:00:27][%cal Rh5g6] [#]} Rg8 (31... Nb8 $1 $17 {With the idea ...Nc6.} 32. Ra1 Rc7) 32. hxg6 $11 {[%emt 0:00:41] The position is equal.} hxg6 33. Rh7 Nf8 34. Rh4 Nd7 {[%emt 0:00:07] next ...Rh8 is good for Black.} 35. Rh7 Nf8 36. Rh4 Nd7 37. Rh7 {[%emt 0:00:13] Weighted Error Value: White=0.16 (very precise) /Black=0.15 (very precise)} 1/2-1/2

[Event "55th Iranian-ch Men Final 2022"]
[Site "Iran"]
[Date "2022.06.16"]
[Round "3.5"]
[White "Tahbaz, Arash"]
[Black "Darini, Pouria"]
[Result "0-1"]
[ECO "B90"]
[WhiteElo "2451"]
[BlackElo "2431"]
[Annotator "TA"]
[PlyCount "62"]
[EventDate "2022.06.15"]
[EventType "tourn"]
[EventCountry "IRI"]
[SourceTitle "playchess.com"]
[Source "ChessBase"]
[SourceQuality "1"]
[TimeControl "40/5400+30:1800+30"]

1. e4 c5 2. Nf3 d6 3. d4 cxd4 4. Nxd4 Nf6 5. Nc3 a6 6. Be3 e5 7. Nb3 Be7 8. f3 Be6 9. Qd2 h5 10. O-O-O Nbd7 11. Kb1 Rc8 $1 {[%emt 0:00:12][%mdl 4] now scores much better than the old 11...b5.} 12. h4 {[%emt 0:01:04] B90: Sicilian Najdorf: Unusual White 6th moves, 6 Be3 Ng4 and 6 Be3 e5.} b5 13. a3 O-O 14. Bg5 {[%emt 0:01:00] The position is equal.} Re8 15. g3 {[%emt 0:03:49][%cal Bg2g3,Bg3g4,Bg4h5][%mdl 32] [#]} Qc7 $146 ({Predecessor:} 15... Qb6 16. Bh3 a5 17. Nd5 Bxd5 18. exd5 Ra8 19. g4 a4 20. Nc1 hxg4 21. Be3 Qc7 22. fxg4 {0-1 (39) Aroshidze,L (2504)-Santos Ruiz,M (2517) Linares 2018}) 16. Bh3 Rb8 17. Bxe6 fxe6 18. g4 a5 (18... hxg4 $11 19. fxg4 a5 20. Bxf6 Nxf6) 19. gxh5 $1 $16 {[%emt 0:58:33] Bxf6 is the strong threat.} b4 20. axb4 Rxb4 (20... axb4 $16 {was worth a try.} 21. Ne2 Nc5) 21. Na2 (21. Bxf6 $18 {is more deadly.} Nxf6 22. h6) 21... Rb5 (21... Rb7 $16) 22. Nc3 $2 (22. Bxf6 $18 Nxf6 23. Nc3) 22... Rb7 $2 (22... Rb4 $11 {and Black is okay.}) 23. Rhg1 {[%emt 0:01:24] And now h6 would win.} a4 24. Nxa4 Qc4 $2 {[%emt 0:06:47] [#]} (24... Ra8 {was necessary.}) 25. Nc3 (25. Na5 Qxa4 26. Bxf6 (26. Nxb7 Ra8 $11) 26... Bxf6 27. Nxb7 Ra8 $11) (25. Bh6 $142 $1 Bf8 26. Bxg7 $1 (26. Na5 Qxa4 27. Bxg7 Bxg7 $11) 26... Bxg7 27. h6) 25... Nc5 $2 (25... Ra8 {is a better defense.}) 26. Nxc5 $2 (26. Na5 $18 Qa6 27. Nxb7) 26... Qxc5 $15 27. Qd3 $1 Reb8 $40 {[%emt 0:00:57][%mdl 128] Black has some attack.} (27... Ra8 $15 28. h6 (28. Bxf6 $2 Rxb2+ 29. Kc1 Bxf6 $19) 28... Rxb2+ $1 29. Kc1 d5 30. Bxf6 (30. h7+ $2 Kh8 $19) 30... Ra1+ 31. Kd2 Qf2+ 32. Qe2 Qd4+ 33. Qd3 Rxd1+ 34. Rxd1 Qf2+ 35. Qe2 (35. Kc1 $2 Ba3 $19) 35... Qd4+ 36. Qd3 (36. Kc1 $2 Qxc3 37. h7+ Kxh7 $19) 36... Qf2+ 37. Qe2 (37. Kc1 $2 Ba3 $19) 37... Qd4+ 38. Qd3 (38. Kc1 $2 Qxc3 39. h7+ Kxh7 $19)) 28. b3 $2 {[%emt 0:00:28][%mdl 8192] [#]} (28. Kc1 $11 {and White stays safe.}) 28... Qa3 $1 $19 {[%emt 0:01:05][%cal Ob7b3] ( -> ...Rxb3+!)} 29. Qc4 (29. Bc1 {[#] gets mated.} Rxb3+ $1 30. cxb3 Qxb3+ 31. Ka1 Ra8+) (29. Na4 $142 Qxa4 30. Kb2) 29... Ra7 30. Qxe6+ Kh8 31. Na4 Rxa4 {[%emt 0:00:13] Weighted Error Value: White=1.18/Black=0.61} 0-1

[Event "55th Iranian-ch Men Final 2022"]
[Site "Iran"]
[Date "2022.06.16"]
[Round "3.6"]
[White "Ashraf, Artin"]
[Black "Atakhan, Abtin"]
[Result "1-0"]
[ECO "D27"]
[WhiteElo "2096"]
[BlackElo "2358"]
[Annotator "TA"]
[PlyCount "107"]
[EventDate "2022.06.15"]
[EventType "tourn"]
[EventCountry "IRI"]
[SourceTitle "playchess.com"]
[Source "ChessBase"]
[SourceQuality "1"]
[TimeControl "40/5400+30:1800+30"]

1. d4 d5 2. c4 dxc4 3. Nf3 Nf6 4. e3 a6 5. Bxc4 e6 6. b3 b5 7. Be2 Bb7 8. O-O Nbd7 9. Bb2 c5 10. Nbd2 Be7 11. a4 b4 12. Nc4 O-O 13. Rc1 Rc8 {[%emt 0:02:06] D27: Queen's Gambit Accepted: Classical main line: 7 e4!? and 7 a4.} 14. Nfe5 cxd4 15. Nxd7 Nxd7 {[%emt 0:01:59][%cal Bf6d7,Bd7c5,Bc5e4][%mdl 32] The position is equal.} 16. Bxd4 (16. Qxd4 {seems wilder.} Bf6 17. Qa7 Qc7 18. Ne5) 16... Nc5 17. a5 {[%emt 0:10:12] [#] Hoping for Nb6.} Ne4 $146 ({Predecessor:} 17... Bd5 18. Nb6 Bxb3 19. Qd2 Rc7 20. Qb2 Bf6 21. Bxf6 Qxf6 22. Qd4 Qe7 23. Qxb4 Bd5 24. Rc3 Nb7 25. Qxe7 Rxe7 26. Ra1 Nd6 27. Bxa6 {1-0 (27) Kharitonov,A (2558)-Grinblat,A (2176) Malevizi 2016}) 18. Bf3 Bc5 19. Qc2 (19. Nb6 Bxb6 20. Bxb6 Qxd1 21. Rcxd1 (21. Rfxd1 Rxc1 22. Rxc1 Nc3 $11) 21... e5 $14) (19. Bxe4 $5 Bxe4 20. Qg4 Bxd4 21. Qxe4 $16) 19... Bxd4 20. Bxe4 Bxe4 21. Qxe4 Bc3 {[%emt 0:00:26] [#]} ({Black should try} 21... Bf6 $14) 22. Rcd1 (22. Qb7 $1 $16) 22... Qe7 $14 23. Rd3 g6 24. Rfd1 $36 {[%emt 0:00:32][%mdl 2048] White has strong initiative.} Rc7 ({Better is} 24... Rcd8) 25. Rd6 Ra7 26. g3 Raa8 (26... h5 $16 {is a better defense.} 27. Qc6 Qg5) 27. Rb6 Rfd8 28. Rdd6 Ra7 29. Qd3 (29. Rxa6 Rxd6 30. Rxd6 Rxa5 $11) 29... Rda8 30. Rbc6 {[%emt 0:00:25] Black must now prevent Nb6.} Qg5 31. h4 Qb5 32. Rd8+ Kg7 33. Rxa8 {[%emt 0:00:29] White is much more active. The black rooks are badly placed.} Rxa8 34. Rc7 {[%emt 0:00:25][%cal Oc7f7] Strongly threatening Rxf7+!} Qd5 (34... Be5 $16 35. Re7 (35. Rd7 Rc8 $16) 35... Rf8) 35. Qxd5 $18 exd5 {[%emt 0:00:01][%mdl 4096] Endgame KRB-KRN} 36. Nb6 (36. Nd6 $18 {and the rest is easy.}) 36... Rd8 $16 37. Rd7 Rxd7 38. Nxd7 {[%emt 0:00:03] KB-KN} Bf6 (38... f5 $142) 39. Kf1 Bd8 40. Nb6 f5 41. Ke2 ({Much less strong is} 41. Nxd5 Bxa5 42. Ke2 Kf7) 41... Kf7 42. Kd3 Ke6 43. Kd4 Kd6 44. Nxd5 Bxa5 {[%emt 0:00:01] [#]} 45. Kc4 (45. Nf6 $1 $16 ) 45... Bd8 ({Black should play} 45... Ke5 $14) 46. Nxb4 a5 {[%emt 0:00:00] Black cannot hold the game after this.} (46... Ba5 $16 47. Nd3 (47. Nxa6 Be1 $11) 47... Bd2) 47. Nd5 $18 Ke5 48. f3 h6 49. Nf4 g5 50. hxg5 hxg5 51. Nd3+ {[%emt 0:00:54] White is clearly winning.} Ke6 52. Nc5+ Kf6 (52... Ke5 $142 53. f4+ Kf6) 53. Kd5 {[%emt 0:00:08] Threatens to win with g4.} Bc7 54. g4 {[%emt 0:00:12] Weighted Error Value: White=0.11 (very precise) /Black=0.31} 1-0

[Event "55th Iranian-ch Men Final 2022"]
[Site "Iran"]
[Date "2022.06.16"]
[Round "3.7"]
[White "Ghaem Maghami, Ehsan"]
[Black "Mousavi, Seyed Khalil"]
[Result "1/2-1/2"]
[ECO "D32"]
[WhiteElo "2519"]
[BlackElo "2524"]
[Annotator "TA"]
[PlyCount "94"]
[EventDate "2022.06.15"]
[EventType "tourn"]
[EventCountry "IRI"]
[SourceTitle "playchess.com"]
[Source "ChessBase"]
[SourceQuality "1"]
[TimeControl "40/5400+30:1800+30"]

1. Nf3 d5 2. d4 Nf6 3. c4 e6 4. Nc3 c5 5. cxd5 exd5 6. Bg5 Be6 7. dxc5 {[%emt 0:26:40][%cal Oe2e4] D32: Tarrasch Defence: Sidelines and lines without g3.} Bxc5 8. e3 {[%emt 0:00:17] Against d4} O-O 9. Bb5 {[%emt 0:11:29] White has an edge.} h6 {[%emt 1:20:47] [#]} 10. Bh4 $146 ({Predecessor:} 10. Bxf6 Qxf6 11. O-O Rd8 12. Rc1 Bb6 13. Nd4 Bxd4 14. Qxd4 Qxd4 15. exd4 Bd7 16. Be2 {½-½ (45) Stocek,J (2595)-Hracek,Z (2563) Plzen 2020}) 10... g5 11. Bg3 Ne4 12. O-O Qa5 13. Bd3 f5 (13... Nxg3 $14 14. hxg3 Qd8) 14. Rc1 Nd7 (14... Nxg3 $16 15. hxg3 Nc6) 15. Nb5 $1 $18 Nxg3 16. hxg3 Qb6 17. Nfd4 Rae8 (17... Bxd4 $16 18. Nxd4 Ne5) 18. Nxe6 Rxe6 19. Nc3 Qd6 {[%emt 0:00:00] [#]} 20. Nxd5 Kh8 (20... Kg7 21. Qb3) 21. Bc4 {[%emt 0:01:23][%cal Ob2b4] b4! is the strong threat.} Qe5 22. b4 Bd6 23. Qh5 {[%emt 0:02:55] Against Rg6} Nf6 24. Qxh6+ Nh7 25. Qh5 Qg7 26. Qe2 Rh6 27. Bb3 ({White should try} 27. Qd3 $18) 27... f4 $2 (27... Nf6 $16 28. Nxf6 Qxf6) 28. exf4 gxf4 29. gxf4 Ng5 {[%emt 0:00:00] ( -> ...Nh3+)} 30. Qg4 {[%emt 0:01:46] Against Nh3+} (30. fxg5 {gets mated.} Rh1+ $3 31. Kxh1 Qh7+) ({White has to play} 30. g3 $1 $18 Ne6 31. Kg2) 30... Nh3+ $11 {[%emt 0:00:00][%mdl 64] Discovered Attack} 31. gxh3 Rg6 {[#]} 32. Rc3 $1 Bxf4 $1 33. Nxf4 Rxg4+ 34. hxg4 {[%emt 0:00:07] Black must now prevent Rh3+.} Qxc3 35. Ng6+ Kg7 36. Nxf8 Kxf8 $15 {[%emt 0:00:00][%mdl 4096] Endgame KQ-KRB} 37. Kg2 (37. b5 $15) 37... Qxb4 $17 38. f3 {[%emt 0:00:29] [#]} (38. Kf3 $17) 38... a5 $1 $19 {[%emt 0:00:00][%cal Ba7a5,Ba5a4][%mdl 1056] Black has strong compensation.} 39. Rf2 b5 40. Bd5 a4 41. Be4 Qa3 42. g5 (42. Rc2 $19) 42... b4 (42... Qd6 $17 {Threatens to win with ...b4.} 43. Rc2 b4) 43. Rc2 $11 {[%emt 0:00:41] The position is equal.} b3 44. axb3 ({Don't play} 44. Rc8+ Ke7 45. axb3 (45. Rc7+ $2 Kd8 $19) 45... Qb2+ 46. Rc2 Qxb3 47. Rc7+ Kd6 $17) 44... Qxb3 {[%emt 0:30:22] aiming for ...a3.} 45. Rc8+ $1 Ke7 {And now ...a3 would win.} 46. g6 $1 {[%emt 0:00:30] Threatening mate with g7.} a3 47. g7 a2 {Never resign too early!  Weighted Error Value: White=0.25 (precise) /Black=0.24 (precise)} (47... Qb2+ 48. Kh3 Qxg7 49. Rc7+ Kf8 50. Rxg7 Kxg7 51. Bb1 Kh6 52. Kg4) 1/2-1/2